 Dungeon Sprint DCSS version 0.16.2-12-gd0ad4c3 (webtiles) character file.

408 faibistes the Fighter (level 6, -3/63 HPs)
             Began as a Minotaur Berserker on Dec 13, 2017.
             Was a Priest of Trog.
             Slain by a sixfirhy (7 damage)
             ... summoned by a kobold demonologist
             ... in the Dungeon (Sprint I: "Red Sonja").
             The game lasted 00:01:23 (670 turns).

faibistes the Fighter (Minotaur Berserker)           Turns: 670, Time: 00:01:24

Health: -3/63      AC:  2    Str: 23    XL:     6   Next: 57%
Magic:  3/3        EV: 14    Int:  5    God:    Trog [***...]
Gold:   231        SH:  0    Dex:  9    Spells: 0 memorised, 5 levels left

rFire  . . .     SeeInvis .     a - +0 mace
rCold  . . .     Clarity  .     b - +0 animal skin
rNeg   . . .     SustAb   .     (no shield)
rPois  .         Gourm    .     (helmet restricted)
rElec  .         Spirit   .     (no cloak)
rCorr  .         Warding  .     (no gloves)
rMut   .         NoTele   +     (no boots)
MR     .....                    (no amulet)
Stlth  +.........               (no ring)
                                (no ring)

@: very slightly contaminated, not resistant to hostile enchantments, very
unstealthy
A: retaliatory headbutt, horns 2
a: Burn Spellbooks, Berserk, Trog's Hand, Renounce Religion


You were in the Dungeon.
You worshipped Trog.
Trog was most pleased with you.
You were not hungry.

You visited 1 branch You collected 231 gold pieces.

Inventory:

Hand weapons
 a - a +0 mace (weapon)
 k - a +0 giant club
Armour
 b - a +0 animal skin (worn)
Scrolls
 l - a scroll of summoning {unknown}
Potions
 d - a potion of curing
 e - a potion of heal wounds
 f - a potion of haste
 g - 2 potions of magic
 h - a potion of berserk rage
Comestibles
 c - a bread ration


   Skills:
 * Level 9.3 Fighting
 * Level 9.3 Maces & Flails
 * Level 8.9 Armour
 * Level 8.1 Dodging


You had 5 spell levels left.
You didn't know any spells.

Dungeon Overview and Level Annotations

Branches:
Dungeon (1/1)

Altars:
Cheibriados
Dithmenos
Fedhas
Sif Muna
Vehumet
Jiyva


Innate Abilities, Weirdness & Mutations

You reflexively headbutt those who attack you in melee.
You have a pair of horns on your head.


Message History

You barely miss the blue devil.
The kobold demonologist mumbles some strange words.
The kobold demonologist hits you but does no damage.
The blue devil barely misses you. You furiously retaliate!
You headbutt the blue devil, but do no damage.
Read which item? (? for menu, Esc to quit)
Blink to where?
Press: ? - help, Dir - move target cursor You are very lightly contaminated with residual magic.
As you read the scroll of blinking, it crumbles to dust.
You close the door.
A sixfirhy opens the door.
You close the door.
A blue devil opens the door.
The crimson imp blinks!
You close the door.
A blue devil opens the door.
The crimson imp blinks!
You close the door.
A sixfirhy opens the door.
The sixfirhy barely misses you. The sixfirhy misses you.
You furiously retaliate!
You headbutt the sixfirhy, but do no damage.
The sixfirhy hits you!
* * * LOW HITPOINT WARNING * * *
The sixfirhy shocks you!
You die...

#########################
<.#..'..#..'..#__#4K3.5.#
..'..#..').#..'^@4K.#..5#
..#####+#####'#_5####555+
..# #.#### ##### ..# ##.#
..# #..+ ⌠⌠# +..._# ###
#_.#+# ##+


You could see 2 kobold demonologists, a sixfirhy, a smoke demon, a blue devil,
an iron imp and a crimson imp.

Vanquished Creatures
  A slime creature (D)
  An ogre (D)
  Sigmund (D)
  A jelly (D)
  Ijyb (D)
  A giant eyeball (D)
  An ufetubus (D)
7 creatures vanquished.

Notes
Turn   | Place    | Note
--------------------------------------------------------------
     0 | D        | faibistes, the Minotaur Berserker, began the quest for the Orb.
     0 | D        | Reached XP level 1. HP: 19/19 MP: 1/1
     1 | D        | Noticed Ijyb
    13 | D        | Killed Ijyb
    13 | D        | Reached skill level 4 in Fighting
    13 | D        | Reached XP level 2. HP: 19/28 MP: 1/1
   113 | D        | Noticed an ogre
   118 | D        | Killed an ogre
   118 | D        | Reached skill level 6 in Fighting
   118 | D        | Reached skill level 5 in Armour
   118 | D        | Reached skill level 5 in Dodging
   118 | D        | Reached XP level 3. HP: 19/38 MP: 2/2
   118 | D        | Reached XP level 4. HP: 22/45 MP: 2/2
   271 | D        | Noticed Sigmund
   285 | D        | Killed Sigmund
   285 | D        | Acquired Trog's second power
   285 | D        | Reached skill level 7 in Fighting
   285 | D        | Reached XP level 5. HP: 34/52 MP: 2/2
   399 | D        | Found a deep blue altar of Sif Muna.
   400 | D        | Noticed a jelly
   401 | D        | Found a radiant altar of Vehumet.
   405 | D        | Killed a jelly
   412 | D        | Found a viscous altar of Jiyva.
   412 | D        | Found a blossoming altar of Fedhas.
   412 | D        | Noticed a slime creature
   413 | D        | Found a snail-covered altar of Cheibriados.
   413 | D        | Found a shadowy altar of Dithmenos.
   421 | D        | Killed a slime creature
   421 | D        | Reached skill level 9 in Fighting
   421 | D        | Reached XP level 6. HP: 19/63 MP: 3/3
   653 | D        | Noticed a kobold demonologist
   654 | D        | Noticed a kobold demonologist
   655 | D        | Noticed a blue devil
   662 | D        | Noticed a sixfirhy
   662 | D        | Noticed a smoke demon
   670 | D        | Slain by a sixfirhy

Action                   |  1- 3 |  4- 6 || total
-------------------------+-------+-------++-------
Melee: Mace              |    15 |    27 ||    42
  Use: Scroll            |       |     1 ||     1
